 Dungeon Crawl Stone Soup version 0.30-a0-918-g0ff054e9dc (webtiles) character file.

Game seed: 6564763244817089615

1466 Dirian the Carver (level 8, -13/71 HPs)
             Began as a Minotaur Fighter on Mar 20, 2023.
             Was a Follower of Okawaru.
             Mangled by a two-headed ogre
             ... wielding a +0 giant club
              (22 damage)
             ... on level 7 of the Dungeon.
             The game lasted 00:10:17 (5885 turns).

Dirian the Carver (Minotaur Fighter)                Turns: 5885, Time: 00:10:18

Health: -13/71     AC: 14    Str: 22    XL:     8   Next: 48%
Magic:  5/7        EV: 10    Int:  5    God:    Okawaru [*.....]
Gold:   325        SH:  7    Dex: 17    Spells: 7/7 levels left

rFire   . . .      SeeInvis .    a - +1 long sword
rCold   . . .      Faith    .    c - +0 buckler
rNeg    . . .      Spirit   .    A - +0 chain mail
rPois   .          Reflect  .    (helmet restricted)
rElec   .          Rampage  .    (no cloak)
rCorr   +                        (no gloves)
Will    .....                    k - +0 pair of boots Stlth
                                 v - amulet of the acrobat
HPRegen 0.31/turn                e - ring of resist corrosion
MPRegen 0.10/turn                u - +6 ring of dexterity

@: heroic
A: horns 2, retaliatory headbutt
a: Renounce Religion, Heroism


You were on level 7 of the Dungeon.
You worshipped Okawaru.
Okawaru was aware of your devotion.
You visited 2 branches of the dungeon, and saw 8 of its levels.

You collected 325 gold pieces.

Inventory:

Hand Weapons
 a - a +1 long sword (weapon)
Missiles
 p - 7 boomerangs (quivered)
 y - 5 silver javelins
Armour
 c - a +0 buckler (worn)
 k - a +0 pair of boots (worn)
 A - a +0 chain mail (worn)
Jewellery
 e - a ring of resist corrosion (left hand)
 u - a +6 ring of dexterity (right hand)
 v - an amulet of the acrobat (around neck)
Wands
 l - a wand of roots (8)
 o - a wand of flame (8)
 x - a wand of light (25)
 z - a wand of mindburst (17)
Scrolls
 f - 2 scrolls of fog
 t - 5 scrolls of teleportation
Potions
 d - 2 potions of berserk rage
 g - 2 potions of magic
 h - 3 potions of haste
 i - a potion of cancellation {unknown}
 j - 5 potions of brilliance
 m - a potion of flight {unknown}
 q - 6 potions of curing
 s - 2 potions of heal wounds {unknown}


   Skills:
 + Level 6.3(11.3) Fighting
 + Level 8.5(13.5) Long Blades
 + Level 7.8(12.8) Armour
 + Level 5.6(10.6) Shields


You had 7 spell levels left.
You didn't know any spells.
Your spell library contained the following spells:

 Spells                   Type           Power      Damage    Failure   Level
 Beastly Appendage        Tmut           0%         N/A       98%         1
 Magic Dart               Conj           0%         1d3       98%         1
 Sandblast                Erth           0%         2d4       98%         1
 Shock                    Conj/Air       0%         1d3       98%         1
 Wereblood                Tmut           0%         N/A       99%         2
 Ignite Poison            Fire/Tmut/Pois 0%         N/A       100%        3
 Mephitic Cloud           Conj/Pois/Air  0%         N/A       100%        3
 Spider Form              Tmut/Pois      0%         N/A       100%        3
 Swiftness                Air            0%         N/A       100%        3
 Airstrike                Air            0%         2d(0-16)  100%        4
 Sticky Flame             Conj/Fire      0%         2d3       100%        4
 Eringya's Noxious Bog    Tmut/Pois      0%         N/A       100%        6
 Ignition                 Fire           0%         3d3       100%        8
 Call Imp                 Summ           Unusable   N/A       N/A         2

Dungeon Overview and Level Annotations

Branches:
Dungeon (7/15) Zot: 26704  Temple (1/1) D:4 Zot: 5781

Altars:
Ashenzari
Cheibriados
Elyvilon
Fedhas
Gozag
Hepliaklqana
Nemelex Xobeh
Okawaru
Qazlal
Ru
Sif Muna
Uskayaw
Vehumet
Wu Jian
Xom
Yredelemnul
Zin
The Shining One

Annotations:
D:5 Go GO !


Innate Abilities, Weirdness & Mutations

You have a pair of horns on your head.
You reflexively headbutt those who attack you in melee.


Message History

The ball of steam misses you.
You completely miss the steam dragon.
You are engulfed in a cloud of scalding steam.
The steam dragon bites you.
The steam dragon claws you but does no damage.
You hit the steam dragon.
The steam dragon is moderately wounded.
You are engulfed in a cloud of scalding steam.
You hit the steam dragon. You headbutt the steam dragon!
The steam dragon is severely wounded.
You are engulfed in a cloud of scalding steam.
The steam dragon bites you! The steam dragon barely misses you.
You slash the steam dragon!
The steam dragon is almost dead.
The steam dragon barely misses you. You furiously retaliate!
You headbutt the steam dragon!
You kill the steam dragon!
Okawaru is honoured by your kill.
You feel like a meek peon again.
Magic restored.
HP restored.
You now have 325 gold pieces (gained 17).
A two-headed ogre comes into view. It is wielding two +0 giant clubs.
The two-headed ogre shouts in stereo!
You gain the combat prowess of a mighty hero.
You barely miss the two-headed ogre.
The two-headed ogre hits you with a +0 giant club.
The two-headed ogre hits you with a +0 giant club!
You barely miss the two-headed ogre. You slash the two-headed ogre!
The two-headed ogre is lightly wounded.
The two-headed ogre hits you with a +0 giant club! x2
You hit the two-headed ogre but do no damage.
The two-headed ogre is lightly wounded.
You slash the two-headed ogre!
The two-headed ogre is moderately wounded.
The two-headed ogre hits you with a +0 giant club!
* * * LOW HITPOINT WARNING * * *
The two-headed ogre hits you with a +0 giant club!!
You die...

#......########+##
#.....<#######
###.............
#...............
###......###.#.# #
# #......# #.#.#
.#.# #......#
#.#.#.....
#......###.#.......
#..........@.....=.
#.....####.#O..#...
#.....# #.......#
#####.# ####..###
... .... #### #.###
.# #.


You could see a two-headed ogre.

Vanquished Creatures
  Sigmund (D:2)
  A steam dragon (D:7)
  2 black bears
  An orc warrior (D:6)
  An ogre (D:4)
  A phantom (D:4)
  A hound (D:4)
  2 orc priests
  A jelly (D:6)
  2 sleepcaps
  Jessica (D:2)
  Ijyb (D:4)
  3 iguanas
  Natasha (thrice) (D:3)
  6 orc wizards
  3 gnolls (D:4)
  5 adders
  2 white imps (D:5)
  2 worms
  3 dart slugs
  21 orcs
  8 ball pythons
  7 bats
  7 endoplasms
  3 giant cockroaches
  6 goblins
  6 hobgoblins
  9 jackals
  8 kobolds
  A quokka (D:1)
  2 frilled lizards
  5 rats
125 creatures vanquished.

Vanquished Creatures (others)
  A quokka (D:3)
  A frilled lizard (D:3)
2 creatures vanquished.

Grand Total: 127 creatures vanquished

Notes
Turn   | Place    | Note
-------+----------+-------------------------------------------
     0 | D:1      | Dirian the Minotaur Fighter began the quest for the Orb.
     0 | D:1      | Reached XP level 1. HP: 19/19 MP: 0/0
    62 | D:1      | Reached XP level 2. HP: 24/27 MP: 1/1
   512 | D:1      | You fall into a shaft and drop 1 floor!
   611 | D:1      | Reached XP level 3. HP: 33/33 MP: 2/2
   680 | D:2      | Noticed Jessica
   685 | D:2      | Killed Jessica
   686 | D:2      | Reached skill level 3 in Long Blades
   825 | D:2      | Noticed Sigmund
   835 | D:2      | Killed Sigmund
   836 | D:2      | Reached skill level 4 in Long Blades
   836 | D:2      | Reached skill level 5 in Armour
   836 | D:2      | Reached XP level 4. HP: 38/41 MP: 3/3
   836 | D:2      | Reached XP level 5. HP: 44/47 MP: 4/4
  1723 | D:3      | Noticed Natasha
  1729 | D:3      | Killed Natasha
  1755 | D:3      | Noticed Natasha
  1760 | D:3      | Reached XP level 6. HP: 42/55 MP: 5/5
  1766 | D:3      | Killed Natasha
  1988 | D:3      | Noticed Natasha
  2004 | D:3      | Killed Natasha
  2005 | D:3      | Reached skill level 5 in Long Blades
  2658 | D:4      | Noticed Ijyb
  2666 | D:4      | Reached skill level 5 in Fighting
  2672 | D:4      | Killed Ijyb
  2723 | D:4      | Reached skill level 6 in Long Blades
  2723 | D:4      | Reached XP level 7. HP: 61/61 MP: 6/6
  3099 | D:4      | Found a staircase to the Ecumenical Temple.
  3176 | Temple   | Entered the Ecumenical Temple
  3373 | Temple   | Became a worshipper of Warmaster Okawaru
  3598 | D:4      | Found a radiant altar of Vehumet.
  3730 | D:4      | Reached skill level 5 in Shields
  3953 | D:4      | Reached skill level 7 in Long Blades
  4145 | D:5      | Entered Level 5 of the Dungeon
  4226 | D:5      | Found a blossoming altar of Fedhas.
  4555 | D:5      | Reached * piety under Okawaru
  4556 | D:5      | Reached XP level 8. HP: 65/70 MP: 7/7
  5230 | D:6      | Got Imiacy's Book of the Filthy Mesa
  5582 | D:5      | Noticed a rust devil
  5582 | D:5      | Noticed a rust devil
  5598 | D:7      | Reached skill level 8 in Long Blades
  5877 | D:7      | Noticed a two-headed ogre
  5885 | D:7      | Mangled by a two-headed ogre

Illustrated notes

Levels and vault maps discovered:
D:1:      dpeg_arrival_rooms_with_view, layout_rooms, minmay_door_square
D:2:      layout_basic, uniq_jessica, uniq_sigmund
D:3:      layout_basic, uniq_natasha
D:4:      layout_basic, mainiacjoe_overflow_brackets,
          minmay_temple_entry_nine_rooms, uniq_ijyb
D:5:      cheibrodos_iron_armory, layout_loops_corners, fedhas_altar_3,
          minmay_misc_feat_five
D:6:      layout_rooms
D:7:      lemuel_ratsnest, layout_basic
Temple:   nicolae_temple_slightly_damp_pantheon

Skill      XL: |  1  2  3  4  5  6  7  8 |
---------------+-------------------------+-----
Armour         | 4 5 6 7 |  7.8
Shields        | 4 5 |  5.6
Fighting       | 4 5 6 |  6.3
Long Blades    | 4 6 7 8 |  8.5

Action                     |  1- 3 |  4- 6 |  7- 9 || total
---------------------------+-------+-------+-------++-------
  Melee: Long sword        |    52 |    74 |   166 ||   292
         Headbutt          |     5 |    12 |    31 ||    48
 Invoke: Heroism           |       |       |     2 ||     2
    Use: Scroll            |     2 |     3 |     8 ||    13
         Potion            |     1 |       |     1 ||     2
 Armour: Scale mail        |    35 |    36 |    67 ||   138
         Chain mail        |       |       |    17 ||    17
  Dodge: Dodged            |    31 |    29 |    89 ||   149
  Block: Buckler           |    11 |    17 |    49 ||    77

Table legend: (Time is in decaauts)
 A = Elapsed time spent in this place.
 B = Non-inter-level travel time spent in this place.
 C = Inter-level travel time spent in this place.
 D = Time resting spent in this place.
 E = Time spent auto-exploring this place.
 F = Levels seen in this place.
 G = Mean time per level.
                   A        B        C        D        E       F      G
               +--------+--------+--------+--------+--------+-----+--------+
         Total |   5936 |   5645 |    291 |    186 |   4391 |   8 |  742.0 |
       Dungeon |   5718 |   5480 |    238 |    186 |   4244 |   7 |  816.9 |
        Temple |    218 |    165 |     53 |      0 |    147 |   1 |  218.0 |
               +--------+--------+--------+--------+--------+-----+--------+

Top non-repeatable levels by time:
     D:3: 1412 daAuts
     D:4: 1312 daAuts
     D:5: 924 daAuts
     D:2: 633 daAuts
     D:6: 628 daAuts
     D:1: 614 daAuts
  Temple: 218 daAuts
     D:7: 193 daAuts
